 Dungeon Crawl Stone Soup version 0.30-a0-996-ga6910c8ee8 (webtiles) character file.

Game seed: 10041352489035707831

14707 ThatPearl the Destroyer (level 11, -4/91 HPs)
             Began as a Demigod Conjurer on Apr 4, 2023.
             Slain by Saint Roka
             ... wielding a +0 battleaxe
              (33 damage)
             ... on level 2 of the Orcish Mines on Apr 5, 2023.
             The game lasted 01:11:04 (14198 turns).

ThatPearl the Destroyer (Demigod Conjurer)         Turns: 14198, Time: 01:11:04

Health: -4/91      AC: 12    Str:  7    XL:     11   Next: 61%
Magic:  13/45      EV: 11    Int: 37    God:
Gold:   790        SH:  0    Dex: 12    Spells: 2/25 levels left

rFire   + + .      SeeInvis +    o - +2 hand axe of Laumyl {venom, Fragile rC+ Str+3 Stlth+}
rCold   + . .      Faith    .    k - +1 buckler
rNeg    + . .      Spirit   .    w - +2 robe "Xibrudd" {Will+ MP+9 SInv}
rPois   .          Reflect  +    m - +2 helmet "Uruudext" {rElec rF++}
rElec   +          Rampage  .    (no cloak)
rCorr   .                        (no gloves)
Will    ++...                    O - +0 pair of boots
Stlth   ++                       B - amulet of reflection
HPRegen 0.35/turn                f - +4 ring of protection
MPRegen 0.29/turn                Q - ring "Gaenwy" {rElec rN+ MP+9 Str-4 Int+5}

@: confused, ambrosia-drunk
A: high MP 1, forlorn, divine attributes
a: no special abilities


You were on level 2 of the Orcish Mines.
You visited 2 branches of the dungeon, and saw 12 of its levels.
You also visited: Bailey.

You collected 943 gold pieces.
You spent 153 gold pieces at shops.

Inventory:

Hand Weapons
 c - a +1 mace of flaming
 o - the +2 hand axe of Laumyl (weapon) {venom, Fragile rC+ Str+3 Stlth+}
   (You found it on level 3 of the Dungeon)

   Str:       It affects your strength (+3).
   rC:        It protects you from cold.
   Fragile:   It will be destroyed if unequipped.
   Stlth:     It makes you more stealthy.
 p - the +5 whip "Plog" {freeze, Fly rF+++ Will+ Dex-5}
   (You found it on level 3 of the Dungeon)

   Dex:       It affects your dexterity (-5).
   rF:        It renders you almost immune to fire.
   Fly:       It grants you flight.
   Will:      It increases your willpower.
 t - a +2 dagger of electrocution
Missiles
 u - 2 throwing nets
Armour
 k - a +1 buckler (worn)
 m - the +2 helmet "Uruudext" (worn) {rElec rF++}
   (You acquired it on level 9 of the Dungeon)

   rF:        It greatly protects you from fire.
   rElec:     It insulates you from electricity.
 w - the +2 robe "Xibrudd" (worn) {Will+ MP+9 SInv}
   (You bought it in a shop on level 4 of the Dungeon)

   MP:        It affects your magic capacity (+9).
   SInv:      It lets you see invisible.
   Will:      It increases your willpower.
 O - a +0 pair of boots (worn)
Magical Staves
 e - a staff of air
 n - the staff of fire "Jogeasm" {rF+ Will+ Dex+3}
   (You acquired it on level 9 of the Dungeon)

   [staff of fire]

   Base accuracy: +5 Base damage: 5 Base attack delay: 1.2 This weapon's minimum
   attack delay (0.6) is reached at skill level 12.
   Dex:       It affects your dexterity (+3).
   rF:        It protects you from fire.
   Will:      It increases your willpower.
   It falls into the 'Staves' category.
   It is a one-handed weapon.
 s - the staff of earth "Moast" {rC+ Dex+3}
   (You found it on level 10 of the Dungeon)

   [staff of earth]

   Base accuracy: +5 Base damage: 5 Base attack delay: 1.2 This weapon's minimum
   attack delay (0.6) is reached at skill level 12.
   Dex:       It affects your dexterity (+3).
   rC:        It protects you from cold.
   It falls into the 'Staves' category.
   It is a one-handed weapon.
 C - the staff of death "Peuniaro" {rN+ Dex+5}
   (You found it in a bailey)

   [staff of death]

   Base accuracy: +5 Base damage: 5 Base attack delay: 1.2 This weapon's minimum
   attack delay (0.6) is reached at skill level 12.
   Dex:       It affects your dexterity (+5).
   rN:        It protects you from negative energy.
   It falls into the 'Staves' category.
   It is a one-handed weapon.
 M - the staff of death "Qetsuoho" {rPois rN+}
   (You found it in a bailey)

   [staff of death]

   Base accuracy: +5 Base damage: 5 Base attack delay: 1.2 This weapon's minimum
   attack delay (0.6) is reached at skill level 12.
   rPois:     It protects you from poison.
   rN:        It protects you from negative energy.
   It falls into the 'Staves' category.
   It is a one-handed weapon.
Jewellery
 f - a +4 ring of protection (left hand)
 z - a ring of willpower
 B - an amulet of reflection (around neck)
 E - a ring of protection from cold
 H - a ring of positive energy
 Q - the ring "Gaenwy" (right hand) {rElec rN+ MP+9 Str-4 Int+5}
   (You found it on level 10 of the Dungeon)

   [ring of magical power]

   Str:       It affects your strength (-4).
   Int:       It affects your intelligence (+5).
   rElec:     It insulates you from electricity.
   rN:        It protects you from negative energy.
   MP:        It affects your magic capacity (+9).
Wands
 D - a wand of paralysis (18)
 K - a wand of polymorph (8)
 N - a wand of digging (5)
 P - a wand of mindburst (11)
Scrolls
 d - 4 scrolls of teleportation
 i - 3 scrolls of enchant weapon
 q - a scroll of immolation
 y - 4 scrolls of enchant armour
 A - 2 scrolls of fog
 F - a scroll of identify
 I - a scroll of vulnerability
 L - 3 scrolls of magic mapping
Potions
 a - 3 potions of lignification
 b - 2 potions of cancellation {unknown}
 g - 3 potions of mutation
 h - 3 potions of resistance
 j - a potion of ambrosia
 l - 3 potions of curing
 r - a potion of flight
 G - a potion of attraction
 J - a potion of might


   Skills:
 + Level 6.5 Fighting
 - Level 1.7 Dodging
 - Level 1.7 Stealth
 - Level 7.2 Shields
 + Level 7.8 Spellcasting
 + Level 10.4 Conjurations
 - Level 4.0 Air Magic
 + Level 6.5 Earth Magic


You had 2 spell levels left.
You knew the following spells:

 Your Spells              Type           Power      Damage    Failure   Level
a - Stone Arrow           Conj/Erth      100%       3d13      1%          3
b - Iskenderun's Mystic   Conj/Tloc      52%        2d11      3%          4
c - Static Discharge      Conj/Air       100%       2-7/arc   1%          2
d - Dazzling Flash        Conj/Hex       100%       N/A       1%          3
f - Fulminant Prism       Conj/Hex       26%        3d14      3%          4
m - Magic Dart            Conj           100%       1d8       1%          1
p - Summon Lightning Spi  Summ/Air       29%        N/A       14%         4
s - Searing Ray           Conj           100%       2d8       1%          2

Your spell library contained the following spells:

 Spells                   Type           Power      Damage    Failure   Level
 Kiss of Death            Conj/Necr      100%       2d13      1%          1
 Poisonous Vapours        Pois/Air       58%        N/A       2%          2
 Sting                    Tmut/Pois      56%        1d5       3%          1
 Airstrike                Air            22%        2d(4-20)  6%          4
 Animate Armour           Summ/Erth      76%        N/A       9%          4
 Confusing Touch          Hex            14%        N/A       10%         3
 Dispel Undead            Necr           14%        3d10      32%         4
 Olgreb's Toxic Radiance  Pois           14%        N/A       32%         4
 Lehudib's Crystal Spear  Conj/Erth      33%        10d9      100%        8


Dungeon Overview and Level Annotations

Branches:
Dungeon (10/15)            Temple (0/1) D:6             Orc (2/2) D:9
    Elf (0/3) Orc:2        Bailey (visited)
   Lair: D:8-11

Shops:
D:4 [   D:8 =

Annotations:
D:3 2 runed translucent doors, patfeehan111222's ghost, amateur MiBe
Orc:2 Saint Roka


Innate Abilities, Weirdness & Mutations

You have an increased reservoir of magic. (+10% MP)
You shall have no god before yourself.
Your divine heritage dramatically boosts your attributes as you level up.


Message History

Confirm with . or Enter, or press ? or * to list all spells.
You erupt in a blast of force!
The mystic blast hits the orc.
The orc is almost dead.
The orc is knocked back by the mystic blast.
The orc collides with the orc!
The orc is almost dead.
You kill the orc!
The mystic blast hits Saint Roka.
Saint Roka is severely wounded.
Saint Roka is knocked back by the mystic blast.
The mystic blast hits the cyclops!!
You kill the cyclops!
Casting: Iskenderun's Mystic Blast (dangerous; 3% risk of failure)
Confirm with . or Enter, or press ? or * to list all spells.
Aiming: Stone Arrow (safe; 1% risk of failure)
Press: ? - help, Shift-Dir - straight line, f/p - Saint Roka
Aim: Saint Roka, wielding a +0 battleaxe and wearing a +1 chain mail of fire resistance (severely wounded, 84% to hit)
The stone arrow hits Saint Roka!!
Saint Roka is almost dead.
Unknown command.
You are confused.
You feel invigorated.
Saint Roka roars a battlecry!
The orc goes into a battle-frenzy!
The orc barely misses you. The orc attacks as you move away!
The orc hits you but does no damage. Saint Roka attacks as you move away!
Saint Roka hits you with a +0 battleaxe!!
You barely miss Saint Roka.
Saint Roka is almost dead.
You hit the orc.
You kill the orc!
The orc sorcerer no longer looks unusually strong.
Saint Roka roars a battlecry!
The orc sorcerer goes into a battle-frenzy!
Saint Roka hits you with a +0 battleaxe!
The orc warrior hits you from afar with a +0 trident.
Saint Roka attacks as you move away!
Saint Roka hits you with a +0 battleaxe!!
You die...

........................#.......#
..................[..#........#
.....)...........[..).....##.##
..................))<.....####
..........)..[.....)......##
...........................#
.....................)....##
.....).........o.........##
.............)oo@...))..##
..............(......#.###
)..........o.#####.......##
..........)###...##.......#
........<.## ....##..#..##
....#...### .....##.....#
....#.C.# #..o.#.#..## ...o..O##
#...##...# ...oo.## #....##.##


You could see Saint Roka, an orc sorcerer (strong), an orc warrior (strong) and
an orc (strong).

Vanquished Creatures
  Donald (Orc:2)
  An orc warlord (Bailey)
  3 two-headed ogres
  An orc knight (Orc:2)
  2 orc sorcerers (Orc:2)
  A cyclops (Orc:2)
  An eye of devastation (D:10)
  A kobold demonologist (D:10)
  An unseen horror (D:8)
  A slime creature (D:10)
  9 yaks
  A steam dragon (D:8)
  3 vampire mosquitoes (D:10)
  A warg (Orc:1)
  A two-headed ogre zombie (D:9)
  21 orc warriors
  3 hornet zombies (D:8)
  3 ogres
  4 phantoms
  2 centaurs
  2 kobold brigands
  3 gnoll sergeants
  6 bullfrogs
  A scorpion (D:5)
  5 wights (D:8)
  A troll zombie (D:9)
  9 howler monkeys
  2 centaur zombies (D:8)
  A gnoll bouda (D:6)
  A sleepcap (D:6)
  10 orc priests
  3 hounds
  5 jellies
  Terence (D:2)
  3 iguanas
  16 orc wizards
  A statue (D:6)
  A killer bee zombie (D:8)
  6 ogre zombies (D:9)
  A howler monkey zombie (D:8)
  36 gnolls
  8 adders
  2 shadow imps
  5 white imps
  2 worms (D:2)
  3 dart slugs
  68 orcs
  8 ball pythons
  5 endoplasms
  2 giant cockroaches
  23 goblins
  9 hobgoblins
  2 jackals (D:4)
  8 quokkas
  5 bats
  3 frilled lizards
  2 goblin skeletons (D:9)
  A hobgoblin skeleton (D:9)
  A hobgoblin zombie (D:9)
  19 kobolds
  2 orc skeletons (D:9)
  19 orc zombies (D:9)
  5 rats
  A fulminant prism (D:10)
378 creatures vanquished.

Vanquished Creatures (collateral kills)
  An orc warrior (Orc:2)
  An orc wizard (Orc:2)
  2 orcs (Orc:2)
  A goblin (Bailey)
5 creatures vanquished.

Vanquished Creatures (others)
  A kobold brigand (D:9)
  3 orc priests (Orc:2)
  57 fulminant prisms
  8 fungi (D:10)
  14 plants (D:9)
  3 withered plants (D:8)
86 creatures vanquished.

Grand Total: 469 creatures vanquished

Notes
Turn   | Place    | Note
-------+----------+-------------------------------------------
     0 | D:1      | ThatPearl the Demigod Conjurer began the quest for the Orb.
     0 | D:1      | Reached XP level 1. HP: 14/14 MP: 5/5
   283 | D:1      | Reached XP level 2. HP: 20/20 MP: 4/7
   284 | D:1      | Reached skill level 4 in Conjurations
   649 | D:1      | Learned a level 2 spell: Searing Ray
  1071 | D:2      | Reached XP level 3. HP: 26/26 MP: 3/9
  1226 | D:2      | Noticed Terence
  1229 | D:2      | Killed Terence
  1427 | D:2      | Reached XP level 4. HP: 33/33 MP: 2/10
  2056 | D:3      | Found a runed translucent door.
  2058 | D:3      | Identified the +2 hand axe of Laumyl {venom, Fragile rC+
                  | Str+3 Stlth+}
  2147 | D:3      | Identified the +5 whip "Plog" {freeze, Fly rF+++ Will+
                  | Dex-5}
  2487 | D:3      | Found a runed translucent door.
  2491 | D:3      | Noticed patfeehan111222's ghost (amateur MiBe)
  2953 | D:4      | Reached skill level 5 in Conjurations
  2954 | D:4      | HP: 1/33 [goblin/+2 dagger of electrocution (15)]
  3148 | D:4      | Reached skill level 1 in Shields
  3343 | D:4      | Found Uptaqiow's Antique Armour Emporium.
  3348 | D:4      | Bought a fine robe for 153 gold pieces
  3348 | D:4      | Identified the +2 robe "Xibrudd" {Will+ MP+9 SInv} (You
                  | bought it in a shop on level 4 of the Dungeon)
  3493 | D:4      | Reached XP level 5. HP: 38/38 MP: 12/12
  3569 | D:3      | Learned a level 4 spell: Fulminant Prism
  3932 | D:5      | Entered Level 5 of the Dungeon
  3990 | D:5      | Reached skill level 1 in Earth Magic
  4036 | D:5      | Reached XP level 6. HP: 45/45 MP: 13/13
  4046 | D:5      | Learned a level 4 spell: Iskenderun's Mystic Blast
  4258 | D:5      | Reached skill level 6 in Conjurations
  4503 | D:5      | Reached XP level 7. HP: 50/50 MP: 15/15
  5112 | D:6      | Found a staircase to the Ecumenical Temple.
  5272 | D:6      | Learned a level 3 spell: Stone Arrow
  5479 | D:6      | Reached skill level 7 in Conjurations
  6079 | D:7      | Reached XP level 8. HP: 57/57 MP: 17/17
  6821 | D:7      | Reached skill level 8 in Conjurations
  7363 | D:8      | Reached skill level 1 in Fighting
  7363 | D:8      | Reached skill level 5 in Spellcasting
  7450 | D:8      | Found Caby's Jewellery Shoppe.
  7786 | D:8      | Reached XP level 9. HP: 60/64 MP: 18/20
  7816 | D:8      | Reached skill level 5 in Shields
  7972 | D:8      | Reached skill level 5 in Earth Magic
  8387 | D:8      | Noticed an unseen horror
  8392 | D:8      | Killed an unseen horror
  9342 | D:9      | Reached skill level 9 in Conjurations
  9342 | D:9      | Reached XP level 10. HP: 67/77 MP: 19/22
  9422 | D:9      | Learned a level 4 spell: Summon Lightning Spire
  9587 | D:9      | Noticed a two-headed ogre
  9596 | D:9      | Killed a two-headed ogre
  9597 | D:9      | Reached skill level 1 in Air Magic
 10188 | D:9      | Found a staircase to the Orcish Mines.
 10458 | D:10     | Entered Level 10 of the Dungeon
 10471 | D:10     | Noticed a smoke demon
 10518 | D:10     | Found a flagged portal.
 10532 | Bailey   | Entered a bailey
 11201 | Bailey   | Noticed an orc warlord
 11234 | Bailey   | Killed an orc warlord
 11235 | Bailey   | Reached skill level 5 in Fighting
 11724 | Bailey   | Identified the staff of death "Peuniaro" {rN+ Dex+5}
 11731 | Bailey   | Identified the staff of death "Qetsuoho" {rPois rN+}
 11972 | D:10     | Found a transporter.
 12068 | D:10     | Noticed a two-headed ogre
 12078 | D:10     | Killed a two-headed ogre
 12087 | D:10     | Reached XP level 11. HP: 84/88 MP: 18/25
 12266 | D:10     | Noticed a two-headed ogre
 12296 | D:10     | Killed a two-headed ogre
 12501 | D:10     | Found a transporter.
 12507 | D:10     | Learned a level 3 spell: Dazzling Flash
 12511 | D:10     | Identified the ring "Gaenwy" {rElec rN+ MP+9 Str-4 Int+5}
 12897 | D:10     | Identified the staff of earth "Moast" {rC+ Dex+3}
 12926 | D:10     | Learned a level 2 spell: Static Discharge
 12965 | D:9      | Acquired the staff of fire "Jogeasm" {rF+ Will+ Dex+3}
 13007 | Orc:1    | Entered Level 1 of the Orcish Mines
 13010 | D:9      | Acquired the +2 helmet "Uruudext" {rElec rF++}
 13183 | Orc:2    | Entered Level 2 of the Orcish Mines
 13205 | Orc:2    | Noticed Donald
 13249 | Orc:2    | Noticed an orc knight
 13269 | Orc:2    | Reached skill level 10 in Conjurations
 13418 | Orc:2    | Found a staircase to the Elven Halls.
 13544 | Orc:2    | Killed Donald
 13810 | Orc:2    | Noticed Saint Roka
 13822 | Orc:2    | Paralysed by an orc sorcerer for 5 turns
 14013 | Orc:2    | Killed an orc knight
 14198 | Orc:2    | Slain by Saint Roka

Illustrated notes

Levels and vault maps discovered:
D:1:      minmay_arrival_jagged, layout_loops_cross
D:2:      layout_rooms, uniq_terence
D:3:      layout_loops_corners, ebering_ghost_sewer_f, minmay_crystal_room,
          kennysheep_generic_room_10
D:4:      layout_basic, serial_shops, shop, hex_tiny
D:5:      layout_rooms, mainiacjoe_overflow_surrounded_room
D:6:      layout_loops_cross, vehumet_statue, minmay_overflow_temple_star_quad,
          lemuel_doored_altar, minmay_temple_entry_antechambers
D:7:      layout_loops_cross, minmay_stone_trees_small
D:8:      layout_basic, serial_undead, serial_undead_b, serial_undead_f,
          serial_undead_c, serial_undead_d, serial_shops,
          nicolae_shop_waterfront, minmay_small_thing
D:9:      layout_roguey, nicolae_elyvilon_temple_path, zombieorc2_lemuel
D:10:     gammafunk_jiyva_shrine, layout_gridville,
          mainiacjoe_overflow_alcove_4, enter_bailey_5
Orc:1:    hellmonk_paralyzer, layout_diamond_mine, mines1_david
Orc:2:    grunt_orc_tribal_feast, layout_caves, uniq_donald, uniq_saint_roka

Skill      XL: |  1  2  3  4  5  6  7  8  9 10 11 |
---------------+----------------------------------+-----
Spellcasting   | 2 3 4 5 6 7 |  7.8
Conjurations   | 4 5 6 7 8 9 10 | 10.4
Shields        | 1 2 3 4 5 7 |  7.2
Earth Magic    | 1 2 3 4 5 6 |  6.5
Fighting       | 1 3 5 6 |  6.5
Air Magic      | 3 4 |  4.0
Dodging        | |  1.7
Stealth        | |  1.7

Action                     |  1- 3 |  4- 6 |  7- 9 | 10-12 || total
---------------------------+-------+-------+-------+-------++-------
  Melee: Mace              |     7 |       |       |       ||     7
         Hand axe          |       |    19 |   102 |   128 ||   249
   Cast: Magic Dart        |    67 |    98 |   111 |   114 ||   390
         Searing Ray       |     4 |    16 |    64 |    55 ||   139
         Fulminant Prism   |       |       |     8 |    50 ||    58
         Stone Arrow       |       |       |     7 |    43 ||    50
         Summon Lightning  |       |       |       |     4 ||     4
         Iskenderun's Myst |       |       |       |     5 ||     5
         Dazzling Flash    |       |       |       |     3 ||     3
  Evoke: Wand              |       |       |       |     2 ||     2
    Use: Scroll            |       |     1 |    10 |    14 ||    25
         Potion            |       |       |       |     6 ||     6
   Stab: Sleeping          |     1 |     3 |     2 |     2 ||     8
         Paralysed         |       |       |       |     8 ||     8
         Invisible         |       |       |       |     2 ||     2
 Armour: Robe              |     8 |     9 |    75 |    54 ||   146
  Dodge: Dodged            |    10 |    18 |    92 |    88 ||   208
  Block: Buckler           |       |       |    98 |   135 ||   233
         Reflection        |       |       |     1 |    17 ||    18

Table legend: (Time is in decaauts)
 A = Elapsed time spent in this place.
 B = Non-inter-level travel time spent in this place.
 C = Inter-level travel time spent in this place.
 D = Time resting spent in this place.
 E = Time spent auto-exploring this place.
 F = Levels seen in this place.
 G = Mean time per level.
                   A        B        C        D        E       F      G
               +--------+--------+--------+--------+--------+-----+--------+
         Total |  14271 |  13740 |    531 |   3472 |   7302 |  13 | 1097.8 |
       Dungeon |  11844 |  11338 |    506 |   2190 |   7176 |  10 | 1184.4 |
  Orcish Mines |   1163 |   1139 |     24 |    554 |      6 |   2 |  581.5 |
        Bailey |   1262 |   1262 |      0 |    728 |    120 |   1 | 1262.0 |
               +--------+--------+--------+--------+--------+-----+--------+

Top non-repeatable levels by time:
     D:8: 1911 daAuts
     D:9: 1584 daAuts
     D:3: 1274 daAuts
  Bailey: 1262 daAuts
    D:10: 1247 daAuts
     D:6: 1102 daAuts
     D:1: 1066 daAuts
     D:5: 1044 daAuts
     D:7: 1013 daAuts
   Orc:2: 905 daAuts
     D:2: 819 daAuts
     D:4: 779 daAuts
   Orc:1: 257 daAuts
